Map: Heavy Artillery LE

Players

Razvan

  • Race: Protoss Protoss
  • League: Platinum
  • Spawn Location: 7:00

Calinosu

  • Race: Zerg Zerg
  • Spawn Location: 7:00

Massa - Winner!

  • Race: Terran Terran
  • League: Platinum
  • Spawn Location: 1:00

qqq - Winner!

  • Race: Zerg Zerg
  • Spawn Location: 3:00

VOD

Have the link to the VOD?

Description

Time

  • Played on: Oct. 10, 2020, 4:20 p.m.
  • Length: 13:37
Show
View Real Time Build Order
Export as new Build Order

Razvan Protoss 

Build Orders: Cannon Rush 

Get SALT Encoding   

  12  0:00  Probe (Chrono Boost)  
  13  0:10  Probe (Chrono Boost)  
  14  0:18  Pylon  
  14  0:21  Probe  
  15  0:36  Probe  
  15  0:39  Forge  
  16  0:48  Probe  
  17  0:54  Pylon  
  17  1:00  Pylon  
  17  1:14  Photon Cannon  
  17  1:26  Photon Cannon  
  17  1:32  Photon Cannon  
  17  1:36  Probe  
  18  1:48  Pylon  
  18  1:59  Pylon  
  18  2:08  Photon Cannon  
  18  2:13  Photon Cannon  
  18  2:25  Photon Cannon  
  18  2:37  Photon Cannon  
  18  2:41  Photon Cannon  
  18  2:54  Gateway  
  18  2:57  Photon Cannon  
  18  3:02  Photon Cannon  
  18  3:11  Pylon  
  18  3:26  Gateway  
  18  3:27  Probe  
  19  3:40  Photon Cannon  
  19  4:06  Assimilator  
  19  4:21  Assimilator  
  19  4:25  Cybernetics Core  
  19  4:33  Probe (Chrono Boost)  
  19  4:36  Nexus  
  20  4:44  Probe (Chrono Boost)  
  21  4:54  Assimilator  
  21  5:00  Probe (Chrono Boost)  
  22  5:12  Probe (Chrono Boost)  
  23  5:27  Photon Cannon  
  23  5:32  Probe  
  23  5:34  Shield Battery  
  24  5:41  Photon Cannon  
  24  5:49  Photon Cannon  
  24  6:01  Probe (Chrono Boost)  
  26  6:12  Probe (Chrono Boost)  
  26  6:19  Zealot  
  26  6:21  Zealot  
  30  6:35  Photon Cannon  
  30  7:05  Zealot  
  32  7:11  Sentry  
  32  7:12  Probe (Chrono Boost)  
  35  7:22  Probe (Chrono Boost)  
  37  7:23  Probe (Chrono Boost)  
  37  7:32  Probe (Chrono Boost)  
  38  7:47  Pylon  
  38  7:53  Assimilator  
  38  8:05  Probe x2  
  40  8:11  Pylon  
  40  8:15  Pylon  
  40  8:17  Probe x2  
  42  8:27  Nexus  
  42  8:29  Probe x2  
  44  8:41  Probe (Chrono Boost)  
  45  8:54  Probe (Chrono Boost)  
  46  9:02  Probe (Chrono Boost)  
  47  9:03  Pylon  
  47  9:05  Pylon  
  47  9:08  Probe  
  48  9:15  Assimilator  
  48  9:19  Stargate  
  48  9:22  Stargate  
  48  9:33  Probe (Chrono Boost)  
  49  9:43  Probe (Chrono Boost)  
  49  9:44  Probe (Chrono Boost)  
  51  9:52  Probe (Chrono Boost)  
  53  9:53  Probe (Chrono Boost)  
  53  9:56  Probe (Chrono Boost)  
  55  10:00  Probe (Chrono Boost)  
  55  10:03  Probe (Chrono Boost)  
  57  10:07  Probe (Chrono Boost)  
  57  10:08  Probe (Chrono Boost)  
  57  10:09  Fleet Beacon  
  58  10:18  Probe  
  59  10:30  Probe  
  60  10:38  Assimilator  
  60  10:47  Photon Cannon  
  60  10:48  Photon Cannon  
  60  10:53  Photon Cannon  
  60  10:56  Shield Battery, Void Ray x2  
  64  11:10  Probe  
  50  11:19  Flux Vanes  
  50  11:22  Probe  
  48  11:34  Probe  
  50  11:41  Probe (Chrono Boost), Robotics Facility  
  50  11:46  Probe (Chrono Boost)  
  51  11:49  Void Ray  
  51  11:50  Void Ray  
  53  11:56  Probe (Chrono Boost)  
  53  11:57  Probe x2 (Chrono Boost)  
  62  12:01  Probe (Chrono Boost)  
  62  12:03  Probe  
  62  12:04  Probe  
  65  12:12  Probe  
  66  12:16  Probe x2  
  68  12:23  Assimilator  
  68  12:24  Probe  
  68  12:28  Probe x2  
  71  12:37  Probe  
  72  12:40  Probe  
  85  12:58  Probe  
  85  12:59  Observer  
  85  13:00  Probe  
Show
View Real Time Build Order
Export as new Build Order

Calinosu Zerg 

Build Orders: Pool First 

Get SALT Encoding   

  12  0:01  Drone  
  13  0:08  Drone  
  14  0:26  Spawning Pool  
  13  0:28  Extractor  
  13  0:31  Drone  
  13  0:35  Drone  
  14  0:44  Overlord  
  14  1:13  Zergling x6  
  14  1:14  Queen  
  19  1:24  Zergling x2  
  20  1:28  Metabolic Boost  
  20  1:36  Zergling x2  
  21  1:49  Zergling x2  
  22  1:57  Overlord  
  18  2:37  Zergling x6  
  18  2:38  Zergling x4  
  22  3:09  Zergling x2  
  22  3:10  Zergling x8  
  27  3:19  Hatchery  
  20  3:42  Zergling x2  
  20  3:43  Zergling x8  
  25  3:54  Extractor  
  19  4:15  Lair  
  19  4:16  Drone x2  
  19  4:17  Drone  
  22  4:18  Drone x2  
  22  4:34  Queen  
  22  4:35  Drone  
  23  4:38  Drone  
  23  4:40  Drone  
  24  4:50  Drone x2  
  26  4:55  Drone  
  26  4:57  Drone  
  29  5:00  Drone x2  
  29  5:04  Extractor  
  29  5:22  Drone x4  
  29  5:24  Drone x2  
  29  5:28  Extractor  
  34  5:32  Spire  
  34  5:34  Drone  
  34  5:38  Overlord  
  34  5:47  Drone x2  
  36  5:50  Overlord  
  36  5:54  Overlord  
  36  5:57  Overlord  
  36  6:00  Pneumatized Carapace  
  36  6:11  Drone  
  36  6:12  Drone x2  
  36  6:16  Drone x5  
  44  6:19  Drone  
  45  6:48  Mutalisk  
  45  6:49  Mutalisk x4  
  45  6:51  Mutalisk  
  45  6:52  Mutalisk x2  
  58  6:55  Mutalisk  
  58  6:59  Mutalisk  
  46  7:07  Hatchery  
  46  7:08  Mutalisk  
  45  7:52  Overlord  
  45  7:53  Overlord x6  
  45  8:38  Queen  
  47  8:42  Zerg Flyer Weapons Level 1  
  47  8:44  Mutalisk  
  47  8:45  Mutalisk x7  
  63  9:07  Hatchery  
  62  9:14  Extractor  
  62  9:15  Infestation Pit  
  60  9:25  Overseer  
  60  9:27  Overseer  
  60  9:30  Mutalisk  
  60  9:31  Mutalisk x7  
  76  9:38  Drone  
  76  9:39  Drone  
  78  10:12  Mutalisk x5  
  88  10:17  Mutalisk x2  
  92  10:24  Drone  
  92  10:27  Drone x3  
  96  10:29  Drone  
  96  10:31  Drone  
  100  10:39  Zerg Flyer Weapons Level 2  
  79  12:04  Mutalisk x2  
  79  12:05  Mutalisk x4  
Show
View Real Time Build Order
Export as new Build Order

Massa Terran - Winner!

Build Orders:  

Get SALT Encoding   

  12  0:00  SCV  
  13  0:12  SCV  
  14  0:23  Supply Depot  
  14  0:24  SCV  
  15  0:45  SCV  
  15  0:46  Barracks  
  16  0:50  Refinery  
  16  0:52  Refinery  
  16  0:57  SCV  
  17  1:10  SCV  
  18  1:22  SCV  
  19  1:26  Barracks  
  19  1:40  Supply Depot  
  19  1:41  SCV  
  20  1:49  Supply Depot  
  20  1:56  SCV  
  20  2:00  Factory  
  21  2:11  Reaper  
  21  2:15  Supply Depot  
  22  2:17  Marine  
  23  2:36  Marine  
  22  2:50  Marine  
  23  2:52  Factory Tech Lab  
  22  3:08  Marine  
  22  3:11  Supply Depot, Siege Tank  
  26  3:21  Marine  
  27  3:33  Marine  
  26  3:58  Marine x2  
  26  4:45  Marine x2  
  27  4:50  Siege Tank  
  31  4:56  Orbital Command  
  31  5:14  Supply Depot  
  31  5:17  Engineering Bay  
  31  5:35  SCV, Marine x2  
  34  5:41  Engineering Bay  
  34  5:53  Marine x2  
  36  6:00  SCV  
  37  6:04  Widow Mine  
  39  6:31  Command Center  
  39  6:37  Supply Depot  
  39  6:38  Missile Turret  
  39  6:42  Supply Depot  
  39  6:58  SCV, Marine x2  
  39  6:59  Widow Mine  
  44  7:10  SCV  
  45  7:16  Marine x2  
  45  7:19  Missile Turret  
  45  7:20  Widow Mine  
  49  7:23  SCV  
  41  7:35  SCV, Marine x2  
  44  7:41  Widow Mine  
  43  7:45  Barracks  
  43  7:50  Barracks  
  43  7:53  Marine x2  
  45  8:03  Orbital Command  
  45  8:04  SCV  
  46  8:11  Marine x2  
  48  8:16  SCV  
  49  8:21  Widow Mine  
  51  8:28  SCV  
  51  8:29  SCV, Marine  
  54  8:37  Barracks Reactor, Barracks Tech Lab  
  54  8:40  SCV  
  54  8:41  SCV  
  56  8:43  Widow Mine  
  56  8:47  Marine, Missile Turret  
  59  8:50  Missile Turret  
  59  8:53  SCV  
  60  9:04  Widow Mine  
  62  9:11  Marauder  
  62  9:15  Barracks Reactor, Stimpack  
  64  9:25  Starport  
  64  9:26  SCV x2  
  66  9:32  Marauder  
  66  9:34  Terran Infantry Armor Level 1  
  66  9:37  Armory  
  68  9:38  SCV  
  68  9:39  SCV  
  70  9:52  Missile Turret  
  70  10:01  Supply Depot x2  
  70  10:11  Factory Tech Lab  
  70  10:17  Command Center  
  70  10:22  SCV, Medivac  
  70  10:23  Marauder  
  70  10:25  Supply Depot x2  
  75  10:44  Marauder  
  75  10:49  Supply Depot  
  75  10:50  Supply Depot  
  75  10:52  Medivac  
  72  11:06  Marauder  
  72  11:07  Marauder, Marine x2  
  72  11:08  Marine x2  
  72  11:10  Siege Tank  
  76  11:25  Marine x4  
  77  11:27  Marauder  
  77  11:29  Marauder  
  77  11:32  Terran Vehicle Weapons Level 1  
  84  11:37  Engineering Bay  
  84  11:43  Marine x4  
  88  11:48  Marine  
  88  11:49  Marine  
  90  12:00  Marine  
  90  12:01  Marine x3  
  91  12:06  Marine  
  91  12:07  Marine  
  95  12:18  Marine  
  95  12:19  Marine x3  
  95  12:22  Command Center  
  99  12:23  Marine  
  99  12:25  Marine  
  99  12:27  Widow Mine  
  103  12:36  Marine  
  104  12:42  Marauder  
  104  12:43  Marauder  
  108  12:48  Widow Mine  
  110  12:57  Missile Turret  
  110  12:58  Missile Turret  
  110  13:01  Missile Turret  
  110  13:03  Marauder  
  110  13:05  Marauder  
  111  13:09  Widow Mine  
Show
View Real Time Build Order
Export as new Build Order

qqq Zerg - Winner!

Build Orders: Hatch First, Roach Hydra 

Get SALT Encoding   

  12  0:01  Drone  
  13  0:11  Drone  
  14  0:34  Hatchery  
  13  0:43  Drone  
  14  0:59  Spawning Pool  
  13  1:12  Overlord  
  13  1:13  Extractor, Drone  
  13  1:14  Drone  
  14  1:53  Spine Crawler  
  13  1:54  Queen  
  13  1:55  Extractor, Zergling x4  
  13  1:56  Zergling x2  
  17  2:04  Spine Crawler  
  17  2:07  Drone  
  17  2:13  Drone  
  18  2:29  Zergling x4  
  19  2:30  Zergling x2  
  19  2:44  Zergling x2  
  19  2:45  Zergling x2  
  19  2:46  Zergling x2  
  21  2:55  Metabolic Boost  
  20  3:23  Zergling x6  
  19  3:48  Queen  
  18  3:52  Drone, Zergling x2  
  18  3:53  Drone  
  18  3:54  Drone x2  
  25  4:04  Zergling x2  
  25  4:05  Zergling x2  
  27  4:14  Zergling x2  
  27  4:22  Overlord  
  27  4:23  Overlord  
  26  4:39  Zergling x2  
  27  4:58  Drone  
  27  4:59  Drone, Zergling x8  
  33  5:00  Drone x2  
  33  5:01  Drone  
  33  5:06  Lair  
  36  5:14  Drone  
  36  5:15  Roach Warren  
  36  5:27  Drone  
  37  5:29  Drone x2  
  37  5:34  Spore Crawler  
  38  5:36  Spore Crawler  
  38  5:39  Drone  
  38  5:44  Drone x4  
  38  5:46  Drone  
  43  5:59  Zergling x2  
  43  6:03  Overlord  
  43  6:14  Zergling x4  
  43  6:17  Overlord x2  
  43  6:18  Overlord x3  
  44  6:31  Drone  
  44  6:32  Drone  
  46  6:36  Roach  
  46  6:39  Glial Reconstitution  
  48  6:43  Hatchery  
  47  6:50  Roach x3  
  52  6:59  Roach  
  52  7:01  Roach x3  
  58  7:02  Drone  
  59  7:14  Roach x2  
  59  7:15  Drone x2  
  62  7:36  Extractor, Spore Crawler  
  60  7:39  Extractor, Drone  
  60  7:40  Drone x2, Extractor  
  61  7:44  Drone x2  
  61  7:45  Drone x4  
  67  7:56  Drone x2  
  69  8:09  Hydralisk Den  
  69  8:11  Drone, Spore Crawler  
  69  8:12  Drone x4  
  72  8:13  Drone x4  
  76  8:21  Spore Crawler  
  75  8:30  Roach x4  
  75  8:31  Drone x2  
  85  8:37  Overlord x2  
  85  8:38  Overlord x2  
  85  8:48  Hydralisk, Muscular Augments  
  85  8:50  Hydralisk  
  85  8:52  Drone  
  85  8:54  Extractor  
  89  8:56  Extractor  
  89  8:57  Drone  
  89  8:59  Hydralisk  
  91  9:05  Evolution Chamber  
  91  9:07  Drone x2  
  91  9:09  Hatchery  
  91  9:10  Hydralisk, Evolution Chamber  
  91  9:13  Hydralisk  
  94  9:19  Hydralisk  
  94  9:22  Drone  
  94  9:23  Drone  
  98  9:29  Drone  
  98  9:30  Hydralisk  
  101  9:33  Zerg Missile Weapons Level 1  
  101  9:35  Hydralisk  
  101  9:37  Drone  
  104  9:46  Hydralisk, Zerg Ground Armor Level 1  
  104  9:49  Drone  
  104  9:50  Hydralisk  
  109  9:53  Overseer  
  109  9:57  Hydralisk  
  109  9:59  Grooved Spines  
  112  10:00  Drone, Hydralisk  
  112  10:03  Overlord  
  112  10:06  Zergling x2  
  112  10:07  Zergling x2  
  116  10:10  Hydralisk  
  118  10:15  Spore Crawler  
  118  10:16  Drone x2  
  118  10:17  Hydralisk  
  121  10:21  Drone x2  
  121  10:22  Drone  
  121  10:26  Spore Crawler  
  123  10:44  Hydralisk x6  
  123  10:46  Drone  
  132  10:56  Hydralisk  
  131  10:57  Hydralisk  
  125  11:07  Hydralisk x2  
  125  11:08  Hydralisk x2  
  125  11:09  Drone x3  
  125  11:10  Drone x3  
  104  11:20  Hydralisk  
  104  11:21  Hydralisk x3  
  104  11:24  Drone x2  
  103  11:28  Hydralisk  
  105  11:36  Hydralisk  
  107  11:46  Hydralisk x2  
  111  11:47  Drone x2  
  111  11:48  Drone x2  
  111  11:50  Hydralisk  
  117  11:55  Spore Crawler  
  117  11:56  Drone, Spore Crawler  
  117  11:59  Drone  
  117  12:00  Hydralisk x2  
  121  12:10  Infestation Pit  
  121  12:14  Hydralisk  
  121  12:15  Hatchery, Hydralisk x2  
  126  12:16  Drone  
  126  12:17  Drone x2  
  127  12:25  Drone  
  110  12:55  Spore Crawler  
  110  12:56  Spore Crawler  
  110  12:58  Spore Crawler  
  106  13:05  Drone x2  
  106  13:06  Drone  
  106  13:12  Spore Crawler  
  108  13:20  Drone  
  108  13:22  Drone  
  122  13:35  Hatchery  
Tags
 
Add a new tag
Caveats
  • Supply blocks, unpowered buildings, or Contaminate may cause inaccurate times.
  • Supply counts are checked every 10 seconds.